[ AOE2 MATCH · #505044764 ]
UnrankedCumans vs Spanish
Player's team · LOSS
Rival team · WIN
[ REPLAY ANALYSIS · EXTRACTED FROM THE RECORDED GAME ]
Feudal
9:22
Castle
21:37
Imperial
—
| APM avg | 55.5 |
| APM peak | 88 |
| eAPM avg | 22.9 |
| Villagers / military | 117 / 61 |
Focus
⚔️ 32.3% · 🌾 67.7%
Archer ×38 · Skirmisher ×14 · Spearman ×9
Feudal
9:17
Castle
20:03
Imperial
36:14
| APM avg | 92.9 |
| APM peak | 183 |
| eAPM avg | 45.7 |
| Villagers / military | 143 / 78 |
Focus
⚔️ 62.5% · 🌾 37.5%
Conquistador ×49 · Scout Cavalry ×12 · Militia ×6 · Mangonel ×4 · Missionary ×4 · Monk ×1
Match map
Initial resources + every placement click. Lines = walls · curves = elevation contours. ◆ gold · ⬟ stone · ● berries · ✦ relic · ◌ wall gap
Your base· Open — unwalled flank
Shulk's base· ✓ Closed at 20:03 · 32t walls · no gate
Smoothed initial terrain · ◌ = detected wall gap · hover for details
Inputs per minute
— _DY_孟川 - - Shulk
Build order — _DY_孟川
First 150 of 322 actions detected
| 0:01 | Queue | Villager (Male) |
| 0:02 | Build | House |
| 0:03 | Build | House |
| 0:07 | Queue | Villager (Male) |
| 0:09 | Queue | Villager (Male) |
| 0:10 | Queue | Villager (Male) |
| 1:24 | Queue | Villager (Male) |
| 1:24 | Queue | Villager (Male) |
| 2:03 | Queue | Villager (Male) |
| 2:03 | Queue | Villager (Male) |
| 2:17 | Queue | Villager (Male) |
| 2:49 | Queue | Villager (Male) |
| 3:18 | Queue | Villager (Male) |
| 3:18 | Queue | Villager (Male) |
| 3:19 | Queue | Villager (Male) |
| 3:20 | Build | Lumber Camp |
| 3:57 | Build | House |
| 4:09 | Queue | Villager (Male) |
| 4:21 | Build | Palisade Wall |
| 4:29 | Queue | Villager (Male) |
| 4:51 | Queue | Villager (Male) |
| 4:54 | Build | Palisade Wall |
| 5:04 | Queue | Villager (Male) |
| 5:21 | Build | Mill |
| 5:42 | Queue | Villager (Male) |
| 5:42 | Queue | Villager (Male) |
| 6:25 | Build | Mill |
| 6:32 | Research | Loom |
| 7:12 | Research | Feudal Age |
| 8:28 | Build | Barracks |
| 8:40 | Build | House |
| 9:21 | Queue | Villager (Male) |
| 9:21 | Queue | Villager (Male) |
| 9:22 | Age | Feudal Age |
| 9:31 | Build | Archery Range |
| 9:54 | Queue | Villager (Male) |
| 10:03 | Build | House |
| 10:05 | Research | Double-Bit Axe |
| 10:08 | Build | Palisade Wall |
| 10:09 | Build | Palisade Wall |
| 10:13 | Build | Palisade Wall |
| 10:18 | Queue | Villager (Male) |
| 10:32 | Queue | Skirmisher |
| 10:35 | Build | Farm |
| 10:44 | Queue | Spearman |
| 10:46 | Queue | Villager (Male) |
| 10:50 | Build | House |
| 10:53 | Build | Farm |
| 10:55 | Build | Farm |
| 11:05 | Queue | Skirmisher |
| 11:10 | Queue | Villager (Male) |
| 11:42 | Build | Farm |
| 11:43 | Build | Farm |
| 11:45 | Queue | Villager (Male) |
| 11:53 | Queue | Spearman |
| 12:02 | Build | Farm |
| 12:03 | Queue | Villager (Male) |
| 12:14 | Queue | Spearman |
| 12:21 | Build | House |
| 12:32 | Build | Mining Camp |
| 12:33 | Queue | Archer |
| 12:38 | Queue | Villager (Male) |
| 12:52 | Build | Palisade Wall |
| 12:58 | Build | Farm |
| 13:15 | Queue | Villager (Male) |
| 13:34 | Queue | Villager (Male) |
| 13:45 | Build | Palisade Wall |
| 13:49 | Build | Farm |
| 13:50 | Queue | Villager (Male) |
| 13:51 | Build | Farm |
| 13:56 | Queue | Archer |
| 14:02 | Build | Palisade Wall |
| 14:19 | Build | House |
| 14:22 | Queue | Villager (Male) |
| 14:25 | Build | Farm |
| 14:37 | Queue | Archer |
| 14:47 | Build | Farm |
| 14:53 | Build | House |
| 14:58 | Queue | Villager (Male) |
| 14:59 | Queue | Villager (Male) |
| 14:59 | Queue | Villager (Male) |
| 15:00 | Queue | Villager (Male) |
| 15:02 | Build | Farm |
| 15:03 | Build | Farm |
| 15:09 | Build | Palisade Wall |
| 15:10 | Build | Palisade Wall |
| 15:12 | Build | Palisade Wall |
| 15:22 | Build | Palisade Wall |
| 15:48 | Queue | Villager (Male) |
| 16:11 | Queue | Villager (Male) |
| 16:11 | Queue | Villager (Male) |
| 16:17 | Build | House |
| 16:20 | Build | Palisade Wall |
| 16:22 | Build | Palisade Wall |
| 16:43 | Queue | Spearman |
| 16:43 | Queue | Spearman |
| 16:55 | Queue | Villager (Male) |
| 16:56 | Queue | Villager (Male) |
| 17:07 | Build | Farm |
| 17:09 | Build | Farm |
| 17:30 | Build | Farm |
| 17:31 | Build | Farm |
| 17:31 | Queue | Archer |
| 17:38 | Build | Farm |
| 17:58 | Build | House |
| 18:32 | Build | Blacksmith |
| 18:38 | Queue | Archer |
| 18:57 | Research | Castle Age |
| 18:59 | Research | Fletching |
| 19:00 | Research | Fletching |
| 19:02 | Build | Archery Range |
| 19:19 | Queue | Archer |
| 19:39 | Build | Lumber Camp |
| 19:59 | Queue | Archer |
| 20:00 | Queue | Archer |
| 20:00 | Queue | Archer |
| 20:09 | Build | House |
| 20:19 | Queue | Spearman |
| 20:38 | Queue | Spearman |
| 20:45 | Research | Forging |
| 21:21 | Queue | Archer |
| 21:35 | Queue | Villager (Male) |
| 21:37 | Age | Castle Age |
| 21:38 | Build | House |
| 21:40 | Research | Pikeman (upgrade) |
| 21:41 | Research | Crossbowman (upgrade) |
| 21:41 | Research | Crossbowman (upgrade) |
| 21:44 | Queue | Villager (Male) |
| 21:49 | Build | Town Center |
| 22:09 | Research | Bodkin Arrow |
| 22:10 | Queue | Villager (Male) |
| 22:12 | Queue | Villager (Male) |
| 22:19 | Queue | Spearman |
| 22:19 | Queue | Spearman |
| 22:56 | Research | Padded Archer Armor |
| 22:56 | Queue | Villager (Male) |
| 22:57 | Queue | Villager (Male) |
| 22:58 | Queue | Villager (Male) |
| 23:05 | Build | House |
| 23:22 | Queue | Villager (Male) |
| 23:22 | Queue | Villager (Male) |
| 23:41 | Build | University |
| 23:44 | Research | Town Watch |
| 23:46 | Queue | Archer |
| 23:46 | Queue | Archer |
| 23:46 | Queue | Archer |
| 23:46 | Queue | Archer |
| 23:46 | Queue | Archer |
| 23:52 | Queue | Villager (Male) |
| 23:52 | Queue | Villager (Male) |
Build order — Shulk
First 150 of 373 actions detected
| 0:01 | Queue | Villager (Male) |
| 0:01 | Queue | Villager (Male) |
| 0:01 | Queue | Villager (Male) |
| 0:01 | Queue | Villager (Male) |
| 0:02 | Build | House |
| 0:03 | Build | House |
| 1:26 | Queue | Villager (Male) |
| 2:01 | Build | Lumber Camp |
| 2:04 | Queue | Villager (Male) |
| 2:04 | Queue | Villager (Male) |
| 2:19 | Queue | Villager (Male) |
| 2:19 | Queue | Villager (Male) |
| 2:30 | Queue | Villager (Male) |
| 3:13 | Queue | Villager (Male) |
| 3:23 | Build | House |
| 3:27 | Queue | Villager (Male) |
| 3:43 | Build | House |
| 4:03 | Queue | Villager (Male) |
| 4:13 | Build | Mill |
| 4:23 | Queue | Villager (Male) |
| 4:25 | Queue | Villager (Male) |
| 4:26 | Queue | Villager (Male) |
| 4:41 | Queue | Villager (Male) |
| 4:42 | Queue | Villager (Male) |
| 5:23 | Queue | Villager (Male) |
| 6:35 | Build | Barracks |
| 6:36 | Queue | Villager (Male) |
| 6:42 | Research | Loom |
| 7:02 | Research | Feudal Age |
| 7:22 | Queue | Militia |
| 7:23 | Queue | Militia |
| 7:26 | Build | House |
| 7:45 | Queue | Militia |
| 7:45 | Queue | Militia |
| 7:57 | Queue | Militia |
| 7:57 | Queue | Militia |
| 9:06 | Queue | Villager (Male) |
| 9:17 | Age | Feudal Age |
| 9:18 | Research | Double-Bit Axe |
| 9:18 | Research | Double-Bit Axe |
| 9:22 | Queue | Villager (Male) |
| 9:23 | Queue | Villager (Male) |
| 9:57 | Queue | Villager (Male) |
| 10:00 | Build | Farm |
| 10:01 | Build | Farm |
| 10:01 | Build | Farm |
| 10:12 | Build | Mill |
| 10:15 | Research | Man-at-Arms (upgrade) |
| 10:36 | Queue | Villager (Male) |
| 10:38 | Build | Farm |
| 10:47 | Queue | Villager (Male) |
| 10:47 | Queue | Villager (Male) |
| 10:51 | Queue | Spearman |
| 10:56 | Queue | Villager (Male) |
| 10:56 | Queue | Villager (Male) |
| 10:58 | Build | Farm |
| 11:03 | Queue | Villager (Male) |
| 11:03 | Queue | Villager (Male) |
| 11:11 | Build | Stable |
| 11:20 | Build | House |
| 11:31 | Queue | Villager (Male) |
| 11:39 | Queue | Villager (Male) |
| 11:40 | Build | Farm |
| 11:43 | Queue | Villager (Male) |
| 11:55 | Build | House |
| 11:56 | Queue | Scout Cavalry |
| 11:56 | Queue | Scout Cavalry |
| 11:59 | Queue | Villager (Male) |
| 12:13 | Build | House |
| 12:15 | Queue | Villager (Male) |
| 12:23 | Build | Palisade Wall |
| 12:24 | Build | Palisade Wall |
| 12:29 | Queue | Scout Cavalry |
| 12:30 | Build | Palisade Gate |
| 12:31 | Build | Palisade Wall |
| 12:32 | Build | Palisade Wall |
| 12:32 | Build | Palisade Wall |
| 12:37 | Queue | Villager (Male) |
| 12:38 | Build | Farm |
| 12:46 | Build | Palisade Wall |
| 12:54 | Queue | Villager (Male) |
| 13:14 | Queue | Villager (Male) |
| 13:18 | Build | Farm |
| 13:22 | Queue | Villager (Male) |
| 13:28 | Research | Horse Collar |
| 13:28 | Research | Horse Collar |
| 13:36 | Queue | Scout Cavalry |
| 13:39 | Queue | Villager (Male) |
| 13:41 | Build | Farm |
| 13:50 | Build | House |
| 13:51 | Queue | Villager (Male) |
| 13:53 | Queue | Villager (Male) |
| 13:59 | Queue | Villager (Male) |
| 14:06 | Queue | Villager (Male) |
| 14:13 | Build | Palisade Wall |
| 14:27 | Build | Farm |
| 14:30 | Queue | Villager (Male) |
| 14:42 | Queue | Villager (Male) |
| 14:43 | Build | Mining Camp |
| 14:59 | Queue | Villager (Male) |
| 15:03 | Build | Mining Camp |
| 15:20 | Queue | Villager (Male) |
| 15:40 | Build | Farm |
| 15:41 | Build | Farm |
| 15:57 | Queue | Villager (Male) |
| 16:09 | Build | Blacksmith |
| 16:12 | Queue | Villager (Male) |
| 16:34 | Queue | Villager (Male) |
| 16:46 | Queue | Villager (Male) |
| 16:52 | Queue | Villager (Male) |
| 16:56 | Queue | Villager (Male) |
| 16:57 | Build | Farm |
| 16:57 | Build | Farm |
| 17:00 | Queue | Villager (Male) |
| 17:12 | Queue | Scout Cavalry |
| 17:12 | Queue | Scout Cavalry |
| 17:24 | Research | Castle Age |
| 17:24 | Research | Castle Age |
| 17:45 | Build | Farm |
| 17:56 | Build | Lumber Camp |
| 18:00 | Queue | Scout Cavalry |
| 18:01 | Queue | Scout Cavalry |
| 18:10 | Research | Padded Archer Armor |
| 18:23 | Queue | Scout Cavalry |
| 18:26 | Build | Lumber Camp |
| 18:40 | Build | Mill |
| 18:53 | Queue | Scout Cavalry |
| 19:16 | Queue | Scout Cavalry |
| 19:17 | Queue | Villager (Male) |
| 19:21 | Queue | Villager (Male) |
| 19:33 | Queue | Scout Cavalry |
| 19:47 | Research | Bloodlines |
| 19:48 | Queue | Villager (Male) |
| 19:58 | Queue | Villager (Male) |
| 20:02 | Queue | Villager (Male) |
| 20:03 | Age | Castle Age |
| 20:07 | Build | Castle |
| 20:07 | Queue | Villager (Male) |
| 20:24 | Research | Light Cavalry (upgrade) |
| 20:26 | Queue | Villager (Male) |
| 20:26 | Queue | Villager (Male) |
| 20:32 | Build | Town Center |
| 20:38 | Build | Farm |
| 20:40 | Queue | Villager (Male) |
| 21:09 | Queue | Conquistador |
| 21:09 | Queue | Conquistador |
| 21:17 | Build | Town Center |
| 21:27 | Queue | Conquistador |
| 21:39 | Queue | Villager (Male) |
| 21:47 | Build | Farm |
Match timeline
| 4:21 | _DY_孟川 · wall_segment Palisade Wall x1 |
| 4:54 | _DY_孟川 · wall_segment Palisade Wall x3 |
| 6:35 | Shulk · first_building Barracks |
| 8:28 | _DY_孟川 · first_building Barracks |
| 9:17 | Shulk · age_up feudal |
| 9:22 | _DY_孟川 · age_up feudal |
| 9:31 | _DY_孟川 · first_building Archery Range |
| 10:08 | _DY_孟川 · wall_segment Palisade Wall x1 |
| 10:09 | _DY_孟川 · wall_segment Palisade Wall x1 |
| 10:13 | _DY_孟川 · wall_segment Palisade Wall x1 |
| 11:11 | Shulk · first_building Stable |
| 12:23 | Shulk · wall_segment Palisade Wall x9 |
| 12:24 | Shulk · wall_segment Palisade Wall x2 |
| 12:31 | Shulk · wall_segment Palisade Wall x1 |
| 12:32 | Shulk · wall_segment Palisade Wall x1 |
| 12:32 | Shulk · wall_segment Palisade Wall x1 |
| 12:46 | Shulk · wall_segment Palisade Wall x5 |
| 12:52 | _DY_孟川 · wall_segment Palisade Wall x12 |
| 13:45 | _DY_孟川 · wall_segment Palisade Wall x1 |
| 14:02 | _DY_孟川 · wall_segment Palisade Wall x13 |
| 14:13 | Shulk · wall_segment Palisade Wall x13 |
| 15:09 | _DY_孟川 · wall_segment Palisade Wall x1 |
| 15:10 | _DY_孟川 · wall_segment Palisade Wall x1 |
| 15:12 | _DY_孟川 · wall_segment Palisade Wall x1 |
| 15:22 | _DY_孟川 · wall_segment Palisade Wall x1 |
| 16:20 | _DY_孟川 · wall_segment Palisade Wall x1 |
| 16:22 | _DY_孟川 · wall_segment Palisade Wall x1 |
| 20:03 | Shulk · age_up castle |
| 20:07 | Shulk · first_building Castle |
| 21:37 | _DY_孟川 · age_up castle |
| 23:19 | Shulk · first_building Siege Workshop |
| 23:51 | Shulk · first_building Monastery |
| 25:16 | _DY_孟川 · wall_segment Palisade Wall x1 |
| 26:47 | _DY_孟川 · first_building Monastery |
| 32:23 | Shulk · first_market_buy 100 wood |
| 36:14 | Shulk · age_up imperial |
| 36:19 | _DY_孟川 · resign |
[ AI ANALYSIS · 1 CREDIT ]
What really happened in this match?
Wolo.gg analyzes every decision: build order, eco, micro, common mistakes by bracket. Personalized analysis on WhatsApp or Discord in 30 seconds.
Civ guide
Cumans
Perfil
Jugador #1821855